 Dungeon Crawl Stone Soup version 0.30.1-11-g7821555f0a (webtiles) character file.

Game seed: 18010735306529148946

796 RancidPinata the Trooper (level 7, 0/44 HPs)
             Began as a Gargoyle Gladiator on Dec 8, 2023.
             Was a Follower of Okawaru.
             Splashed by a jelly's acid (10 damage)
             ... on level 5 of the Dungeon.
             The game lasted 00:20:10 (4726 turns).

RancidPinata the Trooper (Gargoyle Gladiator)       Turns: 4726, Time: 00:20:15

Health: 0/44       AC:  0    Str: 18      XL:     7   Next: 89%
Magic:  20/20      EV: 11    Int: 10      God:    Okawaru [*.....]
Gold:   234        SH:  0    Dex:  9 (11) Spells: 8/11 levels left

rFire   . . .        a - +0 flail
rCold   + . .        (no shield)
rNeg    + . .        o - +0 ring mail
rPois   ∞            c - +0 helmet
rElec   +            (no cloak)
rCorr   .            (no gloves)
SInv    .            q - +0 pair of boots
Will    .....        k - amulet of regeneration Stlth
                     h - ring of protection from cold
HPRegen 1.07/turn    r - ring of magical power
MPRegen 0.17/turn

%: no passive effects
@: corroded
A: sickness immunity, AC +4, negative energy resistance 1, electricity
resistance, torment resistance 1, petrification resistance
a: Renounce Religion, Heroism


You were on level 5 of the Dungeon.
You worshipped Okawaru.
Okawaru was aware of your devotion.
You visited 1 branch of the dungeon, and saw 5 of its levels.

You collected 234 gold pieces.

Inventory:

Hand Weapons
 a - a +0 flail (weapon)
 t - a +0 sling of draining
Missiles
 b - 6 curare-tipped darts
 d - 2 throwing nets
 e - 3 javelins (quivered)
 g - 10 poisoned darts
 l - 20 stones
Armour
 c - a +0 helmet (worn)
 o - a +0 ring mail (worn)
 q - a +0 pair of boots (worn)
Jewellery
 h - a ring of protection from cold (left hand)
 k - an amulet of regeneration (around neck)
 r - a ring of magical power (right hand)
Wands
 y - a wand of polymorph (5)
Scrolls
 f - 4 scrolls of identify {unknown}
 i - 3 scrolls of teleportation {unknown}
 j - 2 scrolls of immolation {unknown}
 m - a scroll of silence {unknown}
 p - 2 scrolls of noise {unknown}
 s - a scroll of amnesia {unknown}
 v - a scroll of butterflies {unknown}
 B - a scroll of fog {unknown}
Potions
 n - a potion of curing {unknown}
 u - a potion of magic {unknown}
 w - a potion of degeneration {unknown}
 x - 2 potions of might {unknown}
 z - a potion of ambrosia {unknown}
 A - a potion of cancellation {unknown}
 C - a potion of flight {unknown}


   Skills:
 * Level 5.0 Fighting
 * Level 4.9 Maces & Flails
 + Level 1.5 Ranged Weapons
 + Level 3.1 Throwing
 + Level 2.9 Armour
 - Level 2.4 Dodging
 * Level 2.9 Spellcasting
 + Level 1.8 Translocations


You had 8 spell levels left.
You knew the following spells:

 Your Spells              Type           Power      Damage    Failure   Level
a - Magic Dart            Conj           4%         1d3       45%         1
b - Blink                 Tloc           10%        N/A       34%         2

Your spell library contained the following spells:

 Spells                   Type           Power      Damage    Failure   Level
 Lesser Beckoning         Tloc           10%        N/A       34%         2
 Necrotise                Necr           4%         1d4       45%         1
 Momentum Strike          Conj/Tloc      6%         3d8       45%         2
 Mephitic Cloud           Conj/Pois/Air  1%         N/A       83%         3
 Fulminant Prism          Conj/Hex       0%         3d5       99%         4
 Arcjolt                  Conj/Air       0%         1d10      100%        5
 Starburst                Conj/Fire      0%         6d3       100%        6
 Call Imp                 Summ           Unusable   N/A       N/A         2

Dungeon Overview and Level Annotations

Branches:
Dungeon (5/15)             Temple (0/1) D:4

Altars:
Elyvilon
Hepliaklqana
Okawaru
Vehumet
Yredelemnul
Zin
The Shining One


Innate Abilities, Weirdness & Mutations

You are immune to sickness and miasma.
Your stone body is resilient. (AC +4)
You are immune to poison.
You resist negative energy. (rN+)
You are resistant to electric shocks. (rElec)
You are resistant to unholy torment.
You are immune to petrification.


Message History

You now have 234 gold pieces (gained 7).
A scorpion comes into view.
You hit the scorpion but do no damage. The scorpion closely misses you.
You hit the scorpion.
The scorpion is lightly wounded.
The scorpion stings you but does no damage.
The scorpion barely misses you.
You sock the scorpion!
The scorpion is severely wounded.
The scorpion stings you.
You hit the scorpion but do no damage.
The scorpion is severely wounded.
The scorpion completely misses you. x2
You hit the scorpion.
You kill the scorpion!
Okawaru accepts your kill.
Your Fighting skill increases to level 5!
You see here a +0 war axe.
Found a stone staircase leading down.
A jelly comes into view.
Found a club.
The jelly quivers.
The jelly hits you. The acid corrodes you!
You are splashed with acid!
You see here 13 gold pieces.
You sock the jelly!
Your hands burn!
The jelly is heavily wounded.
The jelly hits you.
You are splashed with acid!
You hit the jelly. The acid corrodes you!
Your hands burn!
The jelly is severely wounded.
The jelly barely misses you.
You hit the jelly but do no damage.
Your hands burn!
The jelly is severely wounded.
The jelly closely misses you.
You hit the jelly but do no damage. The acid corrodes you!
Your hands burn!
* * * LOW HITPOINT WARNING * * *
The jelly is severely wounded.
The jelly hits you.
* * * LOW HITPOINT WARNING * * *
You are splashed with acid!
You die...

........###..........#.......#
...##..## #.........#........#
...##..# ##..................#
...##......................###
...... .>.......##..##....#
.....# #.......####...##.#
....... .......##....### #
...#### ##.......>#### ####
#......@### #......J#
#.......# ##)....## ##...#
####


You could see a jelly.

Vanquished Creatures
  A water moccasin (D:5)
  A centaur (D:4)
  2 scorpions
  3 quasits
  3 hounds
  3 orc priests
  An orc wizard (D:4)
  5 adders
  3 gnolls
  3 shadow imps
  2 white imps
  A worm (D:4)
  A dart slug (D:5)
  11 orcs
  6 bats
  9 endoplasms
  A giant cockroach (D:3)
  6 goblins
  5 hobgoblins
  3 jackals (D:3)
  2 quokkas
  5 ball pythons
  2 frilled lizards
  3 kobolds (D:1)
  6 rats
  A spectral orc (D:3)
89 creatures vanquished.

Notes
Turn   | Place    | Note
-------+----------+-------------------------------------------
     0 | D:1      | RancidPinata the Gargoyle Gladiator began the quest for the
                  | Orb.
     0 | D:1      | Reached XP level 1. HP: 12/12 MP: 1/1
   226 | D:1      | Reached XP level 2. HP: 16/18 MP: 2/2
   674 | D:1      | Found a faded altar of an unknown god.
   684 | D:1      | Reached skill level 1 in Armour
   697 | D:1      | Reached XP level 3. HP: 22/22 MP: 3/3
   823 | D:1      | Got Plato's Disquisition on Resurrection
  1305 | D:2      | Reached skill level 3 in Fighting
  1356 | D:2      | Learned a level 1 spell: Magic Dart
  1484 | D:2      | Got the Catalogue of Momentum
  1550 | D:2      | Reached XP level 4. HP: 25/28 MP: 4/4
  1882 | D:3      | Found an iron altar of Okawaru.
  1887 | D:3      | Became a worshipper of Warmaster Okawaru
  2047 | D:3      | Found a glowing golden altar of the Shining One.
  2048 | D:3      | Found a white marble altar of Elyvilon.
  2049 | D:3      | Found a glowing silver altar of Zin.
  2079 | D:3      | Learned a level 2 spell: Blink
  2173 | D:3      | Found a hazy altar of Hepliaklqana.
  2791 | D:3      | Reached XP level 5. HP: 32/32 MP: 6/6
  2799 | D:4      | Reached skill level 1 in Spellcasting
  2828 | D:4      | Found a basalt altar of Yredelemnul.
  3120 | D:4      | Reached XP level 6. HP: 37/38 MP: 8/8
  3149 | D:4      | Reached * piety under Okawaru
  3150 | D:4      | Reached skill level 4 in Fighting
  3179 | D:4      | Found a staircase to the Ecumenical Temple.
  3224 | D:4      | Reached skill level 1 in Translocations
  3796 | D:3      | Reached XP level 7. HP: 44/44 MP: 10/10
  3934 | D:4      | Reached skill level 1 in Ranged Weapons
  4478 | D:5      | Entered Level 5 of the Dungeon
  4600 | D:5      | Found a radiant altar of Vehumet.
  4697 | D:5      | Reached skill level 5 in Fighting
  4726 | D:5      | Splashed by a jelly's acid

Illustrated notes

Levels and vault maps discovered:
D:1:      amcnicky_arrival_abandoned_market, layout_loops_ring,
          shapermc_ecumenical_altar_rom_forum, chequers_serial_rivers_large_a,
          minmay_tetromino_t2
D:2:      layout_rooms
D:3:      layout_basic, good_gods_temple_1, okawaru_metal_pillars_1_2,
          nicolae_hepliaklqana_monster_ancestors
D:4:      layout_basic, lemuel_crystal_altar, minmay_temple_entry_trees,
          serial_demonic, serial_demonic_a, serial_demonic_d, serial_demonic_f,
          serial_demonic_f, saegor_snake_ambush
D:5:      layout_rooms, vehumet_crystals

Skill      XL: |  1  2  3  4  5  6  7 |
---------------+----------------------+-----
Throwing       | 2 3 |  3.1
Armour         | 1 2 |  2.9
Fighting       | 3 4 5 |  5.0
Spellcasting   | 1 2 |  2.9
Maces & Flails | 4 |  4.9
Translocations | 1 |  1.8
Ranged Weapons | 1 |  1.5
Dodging        | |  2.4

Action                     |  1- 3 |  4- 6 |  7- 9 || total
---------------------------+-------+-------+-------++-------
  Melee: Flail             |   130 |   171 |    84 ||   385
         Punch             |       |     1 |       ||     1
  Throw: Javelin           |     3 |     4 |       ||     7
         Throwing net      |       |     1 |       ||     1
         Stone             |       |    13 |       ||    13
 Invoke: Heroism           |       |     1 |       ||     1
    Use: Potion            |       |       |     2 ||     2
   Stab: Sleeping          |     1 |       |       ||     1
         Held in net/web   |       |     1 |       ||     1
         Invisible         |       |       |     1 ||     1
 Armour: Leather armour    |    46 |       |       ||    46
         Ring mail         |    20 |   236 |    37 ||   293
  Dodge: Dodged            |   128 |   240 |    61 ||   429
